 Dungeon Crawl Stone Soup version 0.29.1-1-gd02db6906a (webtiles) character file.

Game seed: 11518287950081734380

3213 Iusername the Protected (level 9, -1/81 HPs)
             Began as a Minotaur Fighter on Sept 16, 2022.
             Was an Initiate of Makhleb.
             Slain by a two-headed ogre
             ... wielding a +0 giant club
              (22 damage)
             ... on level 9 of the Dungeon.
             The game lasted 00:20:19 (13146 turns).

Iusername the Protected (Minotaur Fighter)         Turns: 13146, Time: 00:20:20

Health: -1/81      AC: 17    Str: 26    XL:     9   Next: 65%
Magic:  8/8        EV:  7    Int:  5    God:    Makhleb [......]
Gold:   470        SH:  5    Dex:  9    Spells: 8/8 levels left

rFire   . . .      SeeInvis .   a - +2 trident (flame)
rCold   . . .      Faith    .   c - +0 buckler
rNeg    . . .      Spirit   .   p - +1 plate armour
rPois   .          Reflect  .   (helmet restricted)
rElec   .          Harm     .   (no cloak)
rCorr   .          Rampage  .   (no gloves)
Will    .....                   d - +0 pair of boots
Stlth   ..........              (no amulet)
HPRegen 0.23/turn               (no ring)
MPRegen 0.11/turn               (no ring)

@: no status effects
A: horns 2, retaliatory headbutt
a: Renounce Religion


You were on level 9 of the Dungeon.
You worshipped Makhleb.
Makhleb was noncommittal.
You visited 2 branches of the dungeon, and saw 10 of its levels.

You collected 470 gold pieces.

Inventory:

Hand Weapons
 a - a +2 trident of flaming (weapon)
Missiles
 l - 3 javelins
Armour
 c - a +0 buckler (worn)
 d - a +0 pair of boots (worn)
 p - a +1 plate armour (worn)
Jewellery
 m - a ring of resist corrosion
Wands
 s - a wand of flame (18) (quivered)
Scrolls
 e - 3 scrolls of teleportation {unknown}
 f - 3 scrolls of torment
 g - 3 scrolls of magic mapping
 h - a scroll of brand weapon
 r - a scroll of amnesia
 v - a scroll of fear
 w - a scroll of summoning {unknown}
Potions
 b - a potion of brilliance {unknown}
 i - a potion of resistance
 j - a potion of attraction {unknown}
 k - 2 potions of heal wounds {unknown}
 n - a potion of might
 o - 2 potions of mutation
 q - a potion of degeneration {unknown}
 t - a potion of invisibility {unknown}
 u - 2 potions of haste
 x - a potion of ambrosia {unknown}


   Skills:
 + Level 8.2 Fighting
 + Level 9.5 Polearms
 + Level 0.5 Throwing
 + Level 10.2 Armour
 + Level 1.2 Dodging
 + Level 0.8 Stealth
 + Level 6.5 Shields
 + Level 0.1 Evocations


You had 8 spell levels left.
You didn't know any spells.
Your spell library contained the following spells:

 Spells                   Type           Power      Damage    Failure   Level
 Apportation              Tloc           0%         N/A       99%         1
 Necrotise                Necr           0%         1d4       99%         1
 Sandblast                Erth           0%         2d4       99%         1
 Summon Small Mammal      Summ           0%         N/A       99%         1
 Passwall                 Tmut/Erth      0%         N/A       100%        2
 Sublimation of Blood     Necr           0%         N/A       100%        2
 Wereblood                Tmut           0%         N/A       100%        2
 Call Canine Familiar     Summ           0%         N/A       100%        3
 Stone Arrow              Conj/Erth      0%         3d7       100%        3
 Summon Guardian Golem    Hex/Summ       0%         N/A       100%        3
 Iskenderun's Battlesphe  Conj           0%         2d6       100%        5
 Iron Shot                Conj/Erth      0%         9d1       100%        6
 Spellforged Servitor     Conj/Summ      0%         N/A       100%        7
 Summon Hydra             Summ           0%         N/A       100%        7


Dungeon Overview and Level Annotations

Branches:
Dungeon (9/15)             Temple (1/1) D:7
   Lair: D:8-11         Orc: D:9-12

Altars:
Ashenzari
Cheibriados
Elyvilon
Fedhas
Gozag
Kikubaaqudgha
Makhleb
Nemelex Xobeh
Okawaru
Qazlal
Ru
Sif Muna
Trog
Vehumet
Wu Jian
Yredelemnul
Zin
The Shining One


Innate Abilities, Weirdness & Mutations

You have a pair of horns on your head.
You reflexively headbutt those who attack you in melee.


Message History

You hear a shout! x2
The orc shouts!
The orc priest casts a cantrip, but nothing happens.
The puff of flame hits the two-headed ogre.
The two-headed ogre is heavily wounded.
You hit the warg but do no damage. Your headbutt misses the warg.
The warg bites you but does no damage. x2
You hit the warg but do no damage. The warg barely misses you.
You barely miss the warg. The warg bites you but does no damage.
You closely miss the warg. The warg bites you!
You closely miss the warg. The warg closely misses you.
You furiously retaliate!
You headbutt the warg, but do no damage.
The orc priest begins to cast a cantrip, but forgets the words!
You closely miss the warg. Your headbutt misses the warg.
The warg bites you but does no damage.
You hit the warg. You burn the warg. Your headbutt misses the warg.
The warg is moderately wounded.
The warg barely misses you.
You hit the warg. You burn the warg.
The warg is heavily wounded.
The warg bites you but does no damage.
You hit the warg. You burn the warg. You headbutt the warg!
The warg is almost dead.
The warg bites you. The warg barely misses you. You furiously retaliate!
You headbutt the warg!
You kill the warg!
Makhleb accepts your kill. The orc hits you but does no damage. x2
The two-headed ogre closely misses you. The two-headed ogre barely misses you.
You barely miss the two-headed ogre. You headbutt the two-headed ogre!
The two-headed ogre is severely wounded.
An orc priest comes into view. It is wielding a +0 club.
The orc hits you with a +0 flail.
An orc comes into view. It is wielding a +0 hand axe.
The two-headed ogre attacks as you move away!
The two-headed ogre hits you with a +0 giant club!!
* * * LOW HITPOINT WARNING * * *
The two-headed ogre hits you with a +0 giant club!!
You die...

#.## #..#
##.# #.# #.#
#.# #.# #.#
########@###
$.....ooOo.#
......oo...#
...........#
.o.....=...#
...........#
$..........#
.......o...#
...........#


You could see a two-headed ogre, an orc warrior, 3 orc priests and 3 orcs.

Vanquished Creatures
  2 hornets
  A warg (D:9)
  3 black bears
  A sky beast (D:7)
  4 centaurs
  A phantom (D:4)
  A kobold brigand (D:5)
  2 bullfrogs
  4 necrophages
  4 scorpions
  5 wights
  A water moccasin zombie (D:6)
  6 killer bees (D:7)
  A howler monkey (D:8)
  A bullfrog zombie (D:6)
  3 hounds
  A centaur zombie (D:6)
  A human zombie (D:6)
  2 jellies
  3 iguanas
  2 orc wizards (D:7)
  2 killer bee zombies (D:6)
  2 mummies (D:6)
  Robin (D:3)
  4 gnolls (D:2)
  A river rat (D:3)
  7 adders
  A shadow imp (D:6)
  A white imp (D:5)
  An ufetubus (D:6)
  3 worms
  4 dart slugs
  24 orcs
  2 endoplasms
  7 giant cockroaches
  14 goblins
  9 hobgoblins
  3 jackals (D:3)
  2 quokkas
  5 ball pythons
  5 bats
  6 frilled lizards
  10 kobolds
  4 rats
167 creatures vanquished.

Vanquished Creatures (others)
  A wizard (D:8)
1 creature vanquished.

Grand Total: 168 creatures vanquished

Notes
Turn   | Place    | Note
-------+----------+-------------------------------------------
     0 | D:1      | Iusername the Minotaur Fighter began the quest for the Orb.
     0 | D:1      | Reached XP level 1. HP: 19/19 MP: 0/0
   462 | D:1      | Reached XP level 2. HP: 27/27 MP: 1/1
   482 | D:1      | Reached skill level 4 in Armour
   802 | D:2      | You fall into a shaft and drop 2 floors!
   925 | D:4      | Noticed a scorpion
   933 | D:4      | Killed a scorpion
   934 | D:4      | Reached XP level 3. HP: 33/33 MP: 2/2
   934 | D:4      | Reached XP level 4. HP: 40/40 MP: 3/3
  1529 | D:2      | HP: 1/41 [gnoll/+0 club (5)]
  1531 | D:2      | Reached XP level 5. HP: 2/47 MP: 4/4
  2617 | D:2      | Identified the +0 leather armour of Pan-Flutes {Fly rPois
                  | rN+ Str+2}
  2877 | D:3      | Found an opulent altar of Gozag.
  3106 | D:3      | Noticed Robin
  3122 | D:3      | Killed Robin
  3370 | D:3      | Found a white marble altar of Elyvilon.
  3397 | D:3      | Found a stormy altar of Qazlal.
  3431 | D:3      | Found a faded altar of an unknown god.
  3733 | D:3      | Reached skill level 5 in Polearms
  3942 | D:4      | Found a sparkling altar of Nemelex Xobeh.
  3942 | D:4      | Noticed a black bear
  3951 | D:4      | Killed a black bear
  3952 | D:4      | Reached skill level 5 in Fighting
  3952 | D:4      | Reached skill level 5 in Armour
  3952 | D:4      | Reached XP level 6. HP: 52/56 MP: 5/5
  3971 | D:4      | Reached skill level 1 in Dodging
  5090 | D:4      | Reached skill level 6 in Armour
  5090 | D:4      | Reached XP level 7. HP: 46/62 MP: 6/6
  6441 | D:5      | Entered Level 5 of the Dungeon
  6648 | D:5      | HP: 3/63 [kobold brigand/+0 club (4)]
  6651 | D:5      | Reached skill level 5 in Shields
  8117 | D:5      | Reached XP level 8. HP: 50/70 MP: 7/7
  8643 | D:5      | Reached skill level 7 in Armour
  8861 | D:6      | Reached skill level 8 in Armour
 10253 | D:6      | Found an ancient bone altar of Kikubaaqudgha.
 10570 | D:7      | Found a basalt altar of Yredelemnul.
 10612 | D:7      | Found a staircase to the Ecumenical Temple.
 10644 | D:7      | Reached skill level 9 in Armour
 10650 | D:7      | Reached XP level 9. HP: 23/81 MP: 8/8
 11102 | Temple   | Entered the Ecumenical Temple
 11151 | Temple   | Became a worshipper of Makhleb the Destroyer
 12024 | D:7      | Found an ornate altar of the Wu Jian Council.
 12393 | D:8      | Reached skill level 10 in Armour
 12785 | D:8      | Found an iron altar of Okawaru.
 12789 | D:8      | Found a glowing golden altar of the Shining One.
 12958 | D:8      | Found a bloodstained altar of Trog.
 12959 | D:8      | Noticed a wizard
 12965 | D:8      | Killed a wizard
 13124 | D:9      | Noticed a two-headed ogre
 13146 | D:9      | Slain by a two-headed ogre

Illustrated notes

Levels and vault maps discovered:
D:1:      shiori_arrival_elements, layout_basic
D:2:      layout_basic
D:3:      layout_loops_ring, mainiacjoe_overflow_brackets, elyvilon_altar_1,
          lemuel_doored_altar, ebering_ecumenical_altar_sacrificial,
          gup_sewer_entry_bubbles, uniq_robin
D:4:      layout_layer_cave, nicolae_overflow_crystal_walls,
          grunt_decor_fettered
D:5:      layout_basic, grunt_ministairs_2, hangedman_abyss_or_decor_stagger,
          columned_hall_lemuel
D:6:      layout_gridville, lemuel_mausoleum_altar_kikubaaqudgha, serial_rivers,
          chequers_serial_rivers_room_b, chequers_serial_rivers_marsh,
          chequers_serial_rivers_small_b, chequers_serial_rivers_room_a,
          minmay_misc_feat_nine_boxes
D:7:      layout_basic, lemuel_tele_altar, overflow_temple_1_default,
          minmay_temple_entry_stoned_glass
D:8:      layout_loops_cross, trog_wizard, nicolae_overflow_hidden_temple
D:9:      layout_roguey, regret_index_temple_of_mockery, erik_orc_4,
          gammafunk_ghost_split, minmay_misc_feat_square
Temple:   nicolae_temple_ecumenical_triangle

Skill      XL: |  1  2  3  4  5  6  7  8  9 |
---------------+----------------------------+-----
Armour         | 4 5 6 9 10 | 10.2
Fighting       | 4 5 6 7 8 |  8.2
Polearms       | 3 4 5 6 8 9 |  9.5
Shields        | 4 5 6 |  6.5
Dodging        | 1 |  1.2
Throwing       | |  0.5
Stealth        | |  0.8
Evocations     | |  0.1

Action                   |  1- 3 |  4- 6 |  7- 9 || total
-------------------------+-------+-------+-------++-------
Melee: Trident           |    36 |   213 |   261 ||   510
       Headbutt          |     4 |    25 |    48 ||    77
Throw: Javelin           |       |       |     3 ||     3
Evoke: Wand              |       |       |     6 ||     6
  Use: Potion            |     1 |     1 |     8 ||    10
       Scroll            |       |       |    13 ||    13
Armor: Scale mail        |    12 |    52 |       ||    64
       Plate armour      |       |    51 |   228 ||   279
Dodge: Dodged            |    10 |    75 |   122 ||   207
Block: Buckler           |     3 |    51 |    77 ||   131
